 Dungeon Crawl Stone Soup version 0.30.1-4-g462c640d31 (webtiles) character file.

Game seed: 13564492209150359660

819 Peloso the Covered (level 7, 0/60 HPs)
             Began as a Minotaur Fighter on Aug 18, 2023.
             Slain by an orc
             ... wielding a +0 trident
              (5 damage)
             ... on level 5 of the Dungeon.
             The game lasted 00:05:19 (3781 turns).

Peloso the Covered (Minotaur Fighter)               Turns: 3781, Time: 00:05:20

Health: 0/60       AC: 13    Str: 21    XL:     7   Next: 63%
Magic:  6/6        EV:  6    Int:  5    God:
Gold:   293        SH:  0    Dex: 11    Spells: 6/6 levels left

rFire   . . .        a - +0 long sword
rCold   . . .        d - +0 buckler
rNeg    . . .        r - +0 plate armour
rPois   .            (helmet restricted)
rElec   .            (no cloak)
rCorr   .            (no gloves)
SInv    .            (no boots)
Will    .....        (no amulet) Stlth
                     (no ring)
HPRegen 0.30/turn    (no ring)
MPRegen 0.10/turn

%: no passive effects
@: confused, lethally poisoned (0 -> -2), ambrosia-drunk
A: horns 2, retaliatory headbutt
a: no special abilities


You were on level 5 of the Dungeon.
You visited 1 branch of the dungeon, and saw 5 of its levels.

You collected 293 gold pieces.

Inventory:

Hand Weapons
 a - a +0 long sword (weapon)
 b - a +2 whip of flaming
Armour
 c - a +0 chain mail
 d - a +0 buckler (worn)
 r - a +0 plate armour (worn)
Wands
 g - a wand of quicksilver (4)
 q - a wand of mindburst (13)
Scrolls
 e - a scroll of poison {unknown}
 f - 2 scrolls of teleportation {unknown}
 h - a scroll of blinking
 m - a scroll of vulnerability {unknown}
 n - a scroll of enchant weapon
 s - a scroll of identify
Potions
 i - a potion of might
 j - a potion of haste
 k - a potion of resistance
 l - 2 potions of brilliance


   Skills:
 + Level 4.9 Fighting
 + Level 6.8 Long Blades
 + Level 7.3 Armour
 + Level 1.8 Dodging
 + Level 4.6 Shields


You had 6 spell levels left.
You didn't know any spells.
Your spell library contained the following spells:

 Spells                   Type           Power      Damage    Failure   Level
 Ensorcelled Hibernation  Hex/Ice        0%         N/A       100%        2
 Passwall                 Tmut/Erth      0%         N/A       100%        2
 Swiftness                Air            0%         N/A       100%        3


Dungeon Overview and Level Annotations

Branches:
Dungeon (5/15)
 Temple: D:4-7

Altars:
Nemelex Xobeh
Ru


Innate Abilities, Weirdness & Mutations

You have a pair of horns on your head.
You reflexively headbutt those who attack you in melee.


Message History

The water moccasin bites you but does no damage.
You are confused.
You feel invigorated.
* * * LOW HITPOINT WARNING * * *
You feel very sick.
The water moccasin bites you but does no damage.
The orc barely misses you.
You hit the water moccasin.
Your headbutt misses the water moccasin.
The water moccasin is heavily wounded.
* * * LOW HITPOINT WARNING * * *
You feel very sick.
The water moccasin completely misses you.
The orc hits you but does no damage. The water moccasin bites you.
* * * LOW HITPOINT WARNING * * *
You bump into the rock wall.
* * * LOW HITPOINT WARNING * * *
You feel sick.
The water moccasin bites you but does no damage.
The orc barely misses you.
Unknown command.
You bump into the rock wall.
You feel sick. The water moccasin bites you.
* * * LOW HITPOINT WARNING * * *
The orc hits you but does no damage.
Unknown command.
You bump into the rock wall.
You feel sick.
The water moccasin bites you but does no damage.
The orc hits you but does no damage. The water moccasin barely misses you.
Unknown command.
You bump into the rock wall.
You feel sick.
The water moccasin bites you but does no damage.
The orc hits you but does no damage.
The orc priest calls down the wrath of Beogh upon you.
Beogh smites you!
* * * LOW HITPOINT WARNING * * *
Unknown command.
You're too confused to move!
You feel sick. The water moccasin bites you.
* * * LOW HITPOINT WARNING * * *
The orc hits you from afar with a +0 trident.
You die...

## $.# # #.#
. #.##. #.#.
#.####..#
###
#.....o.#
... #oS###.#
#.#@..#
#.##.#######
#.##........
#.##.#######
..##.#
####.# #..#
#.####..#
#.......#


You could see a water moccasin, an orc priest and an orc.

Vanquished Creatures
  Pikel (D:4)
  A lemure (D:4)
  2 kobold brigands (D:4)
  A hound (D:4)
  A jelly (D:5)
  Robin (D:4)
  2 adders
  An ufetubus (D:5)
  A worm (D:4)
  A dart slug (D:1)
  3 orcs
  7 ball pythons
  8 bats
  6 endoplasms
  2 giant cockroaches (D:4)
  16 goblins
  2 hobgoblins
  4 jackals (D:4)
  14 kobolds
  4 quokkas
  6 frilled lizards
  5 rats
89 creatures vanquished.

Notes
Turn   | Place    | Note
-------+----------+-------------------------------------------
     0 | D:1      | Peloso the Minotaur Fighter began the quest for the Orb.
     0 | D:1      | Reached XP level 1. HP: 19/19 MP: 0/0
    15 | D:1      | You fall into a shaft and drop 1 floor!
   122 | D:2      | Reached skill level 4 in Armour
   122 | D:2      | Reached XP level 2. HP: 27/27 MP: 1/1
   814 | D:1      | Reached XP level 3. HP: 33/33 MP: 2/2
  1553 | D:1      | Found a faded altar of an unknown god.
  2264 | D:3      | Found a sparkling altar of Nemelex Xobeh.
  2406 | D:4      | Noticed Pikel
  2406 | D:4      | Noticed a lemure
  2406 | D:4      | Noticed a lemure
  2406 | D:4      | Noticed a lemure
  2409 | D:4      | Noticed a lemure
  2422 | D:4      | Killed a lemure
  2438 | D:4      | Killed Pikel
  2439 | D:4      | Reached skill level 5 in Long Blades
  2439 | D:4      | Reached skill level 6 in Armour
  2439 | D:4      | Reached skill level 1 in Dodging
  2439 | D:4      | Reached XP level 4. HP: 20/41 MP: 3/3
  2439 | D:4      | Reached XP level 5. HP: 23/47 MP: 4/4
  2439 | D:4      | Reached XP level 6. HP: 26/53 MP: 5/5
  2439 | D:4      | Reached XP level 7. HP: 30/60 MP: 6/6
  2786 | D:4      | Noticed Robin
  2812 | D:4      | Reached skill level 7 in Armour
  2818 | D:4      | Killed Robin
  3023 | D:4      | Identified the +9 sling of Tumult {freeze, *Corrode rElec
                  | rPois rC+}
  3443 | D:4      | Found a sacrificial altar of Ru.
  3527 | D:5      | Entered Level 5 of the Dungeon
  3767 | D:5      | HP: 2/60 [orc priest/+0 flail (7)]
  3774 | D:5      | HP: 2/60 [poisoned by a water moccasin]
  3781 | D:5      | Slain by an orc

Illustrated notes

Levels and vault maps discovered:
D:1:      minmay_arrival_three_doors, layout_basic,
          dilly_ecumenical_altar_fadedgnrine
D:2:      layout_basic
D:3:      layout_basic, nemelex_diamond_rough_becter, kennysheep_nondescript,
          grunt_decor_clamped, kennysheep_donut, minmay_misc_feat_five,
          minmay_strange_pillars, serial_park_tiny_pond,
          minmay_tree_intersection
D:4:      cheibrodos_thug_alley, layout_loops_ring,
          mainiacjoe_overflow_six_doors_small, uniq_robin, uniq_pikel
D:5:      layout_loops_ring, mainiacjoe_overflow_catwalk_spiral,
          mainiacjoe_overflow_alcove_3, minmay_temple_entry_trees,
          hellmonk_bongcloud_opening, uniq_eustachio

Skill      XL: |  1  2  3  4  5  6  7 |
---------------+----------------------+-----
Armour         | 4 6 7 |  7.3
Shields        | 4 |  4.6
Long Blades    | 5 6 |  6.8
Fighting       | 4 |  4.9
Dodging        | 1 |  1.8

Action                     |  1- 3 |  4- 6 |  7- 9 || total
---------------------------+-------+-------+-------++-------
  Melee: Long sword        |   118 |       |   118 ||   236
         Headbutt          |    12 |       |    20 ||    32
    Use: Scroll            |     3 |       |     4 ||     7
         Potion            |     3 |       |     4 ||     7
 Armour: Scale mail        |    29 |       |       ||    29
         Chain mail        |    54 |       |    29 ||    83
         Plate armour      |       |       |    32 ||    32
  Dodge: Dodged            |    44 |       |    39 ||    83
  Block: Buckler           |    23 |       |    24 ||    47
